3L
BROOKLYN DODGERS @ SEATTLE ROCKETEERS
09/13/2039
 
TOP OF THE 1ST
Brooklyn Dodgers batting - Pitching for Seattle Rocketeers : RHP Alain Arnaud
Pitching: RHP Alain Arnaud
Batting: LHB Alexis Raimbault 0-0: Ball
1-0: Fly out, F4 (Popup, 13, EV 68.1 MPH)
Batting: LHB Tony Wonder 0-0: Ball
1-0: Ground out 4-3 (Groundball, 4, EV 108.8 MPH)
Batting: RHB Carlos Muñóz 0-0: Called Strike
0-1: Called Strike
0-2: Ball
1-2: Foul Ball, location: 2F
1-2: Foul Ball, location: 2F
1-2: Strikes out swinging
Top of the 1st over - 0 runs, 0 hits, 0 errors, 0 left on base; Brooklyn 0 - Seattle 0
BOTTOM OF THE 1ST
Seattle Rocketeers batting - Pitching for Brooklyn Dodgers : RHP Rod Watts
Pitching: RHP Rod Watts
Batting: SHB Glyn Bolasky 0-0: Ball
1-0: Ball
2-0: Ground out 4-3 (Groundball, 4, EV 80.6 MPH)
Batting: LHB Murray Sperber 0-0: Called Strike
0-1: Ball
1-1: Ball
2-1: Ball
3-1: Foul Ball, location: 2F
3-2: Base on Balls
Batting: RHB Jurgen Flurgenburgen 0-0: Ball
Murray Sperber steals 2nd base
1-0: Ball
2-0: Called Strike
2-1: Ground out 5-3 (Groundball, 56, EV 103.8 MPH)
Batting: RHB Meester Gobbles-Rooster 0-0: SINGLE (Flyball, 78S, EV 96.9 MPH)
Murray Sperber to third
Throwing error, E7
Murray Sperber scores
Meester Gobbles-Rooster to second
Batting: RHB Alain Grosjean 0-0: Foul Ball, location: 2F
0-1: Ball
1-1: SINGLE (Groundball, 3D, EV 106.9 MPH)
Meester Gobbles-Rooster to third
Runner from 3rd tries for Home, SAFE, throw by RF to home
Batting: RHB Claudio Tappen 0-0: Foul Ball, location: 2F
0-1: Ball
1-1: Fielders Choice at 2nd, 5-4 (Groundball, 56, EV 86.9 MPH)
Bottom of the 1st over - 2 runs, 2 hits, 1 error, 1 left on base; Brooklyn 0 - Seattle 2
TOP OF THE 2ND
Brooklyn Dodgers batting - Pitching for Seattle Rocketeers : RHP Alain Arnaud
Batting: RHB Bill Chaundler 0-0: Fly out, F9 (Flyball, 9D, EV 101.2 MPH)
Batting: LHB Richello Mabait 0-0: Ball
1-0: Called Strike
1-1: Ball
2-1: Foul Ball, location: 2F
2-2: Ball
3-2: Fly out, F5 (Flyball, 5D, EV 88.1 MPH)
Batting: LHB Hugh Hill 0-0: Ball
1-0: DOUBLE (Flyball, 8LXD, EV 100.6 MPH)
Batting: RHB Phil Sherman 0-0: Ball
1-0: Foul Ball, location: 2F
1-1: Fly out, F9 (Flyball, 9LM, EV 86.2 MPH)
Top of the 2nd over - 0 runs, 1 hit, 0 errors, 1 left on base; Brooklyn 0 - Seattle 2
BOTTOM OF THE 2ND
Seattle Rocketeers batting - Pitching for Brooklyn Dodgers : RHP Rod Watts
Batting: RHB Bastiaan Pieterse 0-0: Ball
1-0: Ball
2-0: Foul Ball, location: 2F
2-1: Ball
3-1: Base on Balls
Batting: SHB Charles Geudre 0-0: Ball
1-0: Foul Ball, location: 2F
1-1: Ball
2-1: Ball
3-1: Foul Ball, location: 2F
3-2: Base on Balls
Bastiaan Pieterse to second
Batting: SHB Lodd Felton 0-0: Ball
1-0: DOUBLE (Line Drive, 7LS, EV 106.2 MPH)
Bastiaan Pieterse scores
Charles Geudre to third
Batting: SHB Glyn Bolasky 0-0: Ball
1-0: Ball
2-0: Fly out, F8 (Flyball, 89XD, EV 80.6 MPH)
Runner from 3rd tags up, SCORES, no throw by CF
Lodd Felton to third
Batting: LHB Murray Sperber 0-0: Ball
1-0: Called Strike
1-1: DOUBLE (Flyball, 8RXD, EV 95.6 MPH)
Lodd Felton scores
Batting: RHB Jurgen Flurgenburgen 0-0: Foul Ball, location: 2F
0-1: Ball
1-1: Foul Ball, location: 2F
1-2: Foul Ball, location: 2F
1-2: Ball
2-2: Strikes out looking
Batting: RHB Meester Gobbles-Rooster 0-0: Ball
1-0: Called Strike
1-1: Fly out, F8 (Flyball, 8RS, EV 85.0 MPH)
Bottom of the 2nd over - 3 runs, 2 hits, 0 errors, 1 left on base; Brooklyn 0 - Seattle 5
TOP OF THE 3RD
Brooklyn Dodgers batting - Pitching for Seattle Rocketeers : RHP Alain Arnaud
Batting: SHB Alvin Peterson 0-0: Fly out, F7 (Flyball, 78S, EV 85.6 MPH)
Batting: RHB Quindarious Monday 0-0: Called Strike
0-1: Ball
1-1: Swinging Strike
1-2: Ball
2-2: Strikes out swinging
Batting: LHB Alexis Raimbault 0-0: Swinging Strike
0-1: Foul Ball, location: 2F
0-2: Ball
1-2: Fly out, F8 (Flyball, 8RD, EV 93.1 MPH)
Top of the 3rd over - 0 runs, 0 hits, 0 errors, 0 left on base; Brooklyn 0 - Seattle 5
BOTTOM OF THE 3RD
Seattle Rocketeers batting - Pitching for Brooklyn Dodgers : RHP Rod Watts
Batting: RHB Alain Grosjean 0-0: Called Strike
0-1: Ball
1-1: Ground out 4-3 (Groundball, 34, EV 96.9 MPH)
Batting: RHB Claudio Tappen 0-0: Ball
1-0: SINGLE (Line Drive, 9LS, EV 100.0 MPH)
Batting: RHB Bastiaan Pieterse 0-0: Called Strike
0-1: Ball
1-1: Ball
2-1: Foul Ball, location: 2F
2-2: Strikes out looking
Batting: SHB Charles Geudre 0-0: Called Strike
0-1: Ball
1-1: Called Strike
1-2: Fly out, F7 (Line Drive, 7, EV 108.8 MPH)
Bottom of the 3rd over - 0 runs, 1 hit, 0 errors, 1 left on base; Brooklyn 0 - Seattle 5
TOP OF THE 4TH
Brooklyn Dodgers batting - Pitching for Seattle Rocketeers : RHP Alain Arnaud
Batting: LHB Tony Wonder 0-0: Ball
1-0: Fly out, F7 (Flyball, 78D, EV 93.8 MPH)
Batting: RHB Carlos Muñóz 0-0: Called Strike
0-1: Fly out, F8 (Flyball, 8RS, EV 85.0 MPH)
Batting: RHB Bill Chaundler 0-0: Fly out, F7 (Flyball, 7LSF, EV 76.2 MPH)
Top of the 4th over - 0 runs, 0 hits, 0 errors, 0 left on base; Brooklyn 0 - Seattle 5
BOTTOM OF THE 4TH
Seattle Rocketeers batting - Pitching for Brooklyn Dodgers : RHP Rod Watts
Batting: SHB Lodd Felton 0-0: Called Strike
0-1: Ground out 3-1 (Groundball, 34, EV 103.8 MPH)
Batting: SHB Glyn Bolasky 0-0: Called Strike
0-1: Ball
1-1: Called Strike
1-2: Strikes out swinging
Batting: LHB Murray Sperber 0-0: Ground out 6-3 (Groundball, 6M, EV 102.5 MPH)
Bottom of the 4th over - 0 runs, 0 hits, 0 errors, 0 left on base; Brooklyn 0 - Seattle 5
TOP OF THE 5TH
Brooklyn Dodgers batting - Pitching for Seattle Rocketeers : RHP Alain Arnaud
Batting: LHB Richello Mabait 0-0: Foul Ball, location: 2F
0-1: Ball
1-1: Foul Ball, location: 2F
1-2: Strikes out swinging
Batting: LHB Hugh Hill 0-0: Called Strike
0-1: Ball
1-1: Swinging Strike
1-2: Foul Ball, location: 2F
1-2: Foul Ball, location: 2F
1-2: Foul Ball, location: 2F
1-2: Foul Ball, location: 2F
1-2: Fly out, F7 (Flyball, 7S, EV 91.2 MPH)
Batting: RHB Phil Sherman 0-0: Called Strike
0-1: Called Strike
0-2: Ball
1-2: Ground out 6-3 (Groundball, 6S, EV 71.2 MPH)
Top of the 5th over - 0 runs, 0 hits, 0 errors, 0 left on base; Brooklyn 0 - Seattle 5
BOTTOM OF THE 5TH
Seattle Rocketeers batting - Pitching for Brooklyn Dodgers : RHP Rod Watts
Batting: RHB Jurgen Flurgenburgen 0-0: Ball
1-0: Ball
2-0: SINGLE (Groundball, 56D, EV 98.8 MPH)
Batting: RHB Meester Gobbles-Rooster 0-0: Fly out, F6 (Popup, 6, EV 63.8 MPH)
Batting: RHB Alain Grosjean 0-0: Ball
1-0: Called Strike
1-1: Grounds into double play, 6-4-3 (Groundball, 6, EV 96.9 MPH)
Bottom of the 5th over - 0 runs, 1 hit, 0 errors, 0 left on base; Brooklyn 0 - Seattle 5
TOP OF THE 6TH
Brooklyn Dodgers batting - Pitching for Seattle Rocketeers : RHP Alain Arnaud
Batting: SHB Alvin Peterson 0-0: Called Strike
0-1: Ball
1-1: Ball
2-1: DOUBLE (Flyball, 78D, EV 85.6 MPH)
Batting: RHB Quindarious Monday 0-0: Ball
1-0: Foul Ball, location: 2F
1-1: Foul Ball, location: 2F
1-2: Ball
2-2: Strikes out swinging
Batting: LHB Alexis Raimbault 0-0: Called Strike
0-1: Ball
1-1: Swinging Strike
1-2: Ball
2-2: Strikes out looking
Batting: LHB Tony Wonder 0-0: Called Strike
0-1: Called Strike
0-2: Ball
1-2: Ball
2-2: Fly out, F4 (Popup, 4MD, EV 55.0 MPH)
Top of the 6th over - 0 runs, 1 hit, 0 errors, 1 left on base; Brooklyn 0 - Seattle 5
BOTTOM OF THE 6TH
Seattle Rocketeers batting - Pitching for Brooklyn Dodgers : RHP Rod Watts
Batting: RHB Claudio Tappen 0-0: Ground out 6-3 (Groundball, 56, EV 87.5 MPH)
Batting: RHB Bastiaan Pieterse 0-0: Ball
1-0: Foul Ball, location: 2F
1-1: Ground out 4-3 (Groundball, 4, EV 95.6 MPH)
Batting: SHB Charles Geudre 0-0: Foul Ball, location: 2F
0-1: Foul Ball, location: 2F
0-2: DOUBLE (Groundball, 3L, EV 101.2 MPH)
Batting: SHB Lodd Felton 0-0: Foul Ball, location: 2F
0-1: Ball
1-1: Foul Ball, location: 2F
1-2: Foul Ball, location: 2F
1-2: Ball
2-2: TRIPLE (Line Drive, 78XD, EV 100.0 MPH)
Charles Geudre scores
Pitching: RHP Davis Sawyer
Batting: SHB Glyn Bolasky 0-0: Ball
1-0: Ball
2-0: Ball
3-0: Called Strike
3-1: DOUBLE (Flyball, 8RXD, EV 107.5 MPH)
Lodd Felton scores
Batting: LHB Murray Sperber 0-0: Fly out, F8 (Flyball, 8LS, EV 87.5 MPH)
Bottom of the 6th over - 2 runs, 3 hits, 0 errors, 1 left on base; Brooklyn 0 - Seattle 7
TOP OF THE 7TH
Brooklyn Dodgers batting - Pitching for Seattle Rocketeers : RHP Alain Arnaud
Pinch Hitting: SHB Fa-hsien Tze 0-0: Foul Ball, location: 2F
0-1: DOUBLE (Line Drive, 78M, EV 96.2 MPH)
Batting: RHB Bill Chaundler 0-0: Ball
1-0: DOUBLE (Flyball, 89D, EV 91.2 MPH)
Fa-hsien Tze scores
Batting: LHB Richello Mabait 0-0: Fly out, F7 (Flyball, 7, EV 87.5 MPH)
Batting: LHB Hugh Hill 0-0: Ball
1-0: SINGLE (Groundball, 4MD, EV 100.6 MPH)
Bill Chaundler to third
Batting: RHB Phil Sherman 0-0: Swinging Strike
0-1: Ball
1-1: Grounds into double play, 5-4-3 (Groundball, 5, EV 110.0 MPH)
Top of the 7th over - 1 run, 3 hits, 0 errors, 1 left on base; Brooklyn 1 - Seattle 7
BOTTOM OF THE 7TH
Seattle Rocketeers batting - Pitching for Brooklyn Dodgers : RHP Davis Sawyer
Now at 1B: Fa-hsien Tze
Batting: RHB Jurgen Flurgenburgen 0-0: Called Strike
0-1: Ball
1-1: Foul Ball, location: 2F
1-2: Fly out, F9 (Flyball, 9LS, EV 85.0 MPH)
Batting: RHB Meester Gobbles-Rooster 0-0: Called Strike
0-1: Ball
1-1: Ball
2-1: Foul Ball, location: 2F
2-2: Foul Ball, location: 2F
2-2: Foul Ball, location: 2F
2-2: Foul Ball, location: 2F
2-2: SINGLE (Flyball, 7LS, EV 92.5 MPH)
Batting: RHB Alain Grosjean 0-0: Ball
1-0: Swinging Strike
1-1: Foul Ball, location: 2F
1-2: Ball
2-2: Strikes out swinging
Batting: RHB Claudio Tappen 0-0: Called Strike
0-1: DOUBLE (Flyball, 8LXD, EV 96.9 MPH)
Meester Gobbles-Rooster to third
Runner from 3rd tries for Home, SAFE, no throw by CF
Batting: RHB Bastiaan Pieterse 0-0: Ball
1-0: Foul Ball, location: 2F
1-1: Foul Ball, location: 2F
1-2: Ground out 4-3 (Groundball, 34, EV 84.4 MPH)
Bottom of the 7th over - 1 run, 2 hits, 0 errors, 1 left on base; Brooklyn 1 - Seattle 8
TOP OF THE 8TH
Brooklyn Dodgers batting - Pitching for Seattle Rocketeers : RHP Alain Arnaud
Batting: SHB Alvin Peterson 0-0: Ball
1-0: Foul Ball, location: 2F
1-1: Called Strike
1-2: Foul Ball, location: 2F
1-2: Strikes out swinging
Pinch Hitting: RHB John Núñes 0-0: Fly out, F7 (Line Drive, 7D, EV 96.9 MPH)
Batting: LHB Alexis Raimbault 0-0: Ball
1-0: Ball
2-0: DOUBLE (Flyball, 7D, EV 108.1 MPH)
Pinch Hitting: LHB Jung-joon Yi 0-0: Called Strike
0-1: Foul Ball, location: 2F
0-2: Foul Ball, location: 2F
0-2: Ball
1-2: Fly out, F8 (Flyball, 8RM, EV 72.5 MPH)
Top of the 8th over - 0 runs, 1 hit, 0 errors, 1 left on base; Brooklyn 1 - Seattle 8
BOTTOM OF THE 8TH
Seattle Rocketeers batting - Pitching for Brooklyn Dodgers : RHP Davis Sawyer
Now at 2B: John Núñes
Now in LF: Jung-joon Yi
Batting: SHB Charles Geudre 0-0: Ball
1-0: Foul Ball, location: 2F
1-1: Swinging Strike
1-2: Ball
2-2: Ball
3-2: Strikes out looking
Batting: SHB Lodd Felton 0-0: Called Strike
0-1: Swinging Strike
0-2: Ball
1-2: Ground out 4-3 (Groundball, 4, EV 93.8 MPH)
Batting: SHB Glyn Bolasky 0-0: Fly out, F5 (Popup, 5SF, EV 71.2 MPH)
Bottom of the 8th over - 0 runs, 0 hits, 0 errors, 0 left on base; Brooklyn 1 - Seattle 8
TOP OF THE 9TH
Brooklyn Dodgers batting - Pitching for Seattle Rocketeers : RHP Alain Arnaud
Pinch Hitting: RHB Cooper Lowe 0-0: Called Strike
0-1: Ball
1-1: Ball
2-1: Ball
3-1: Ground out 6-3 (Groundball, 6, EV 90.6 MPH)
Batting: RHB Bill Chaundler 0-0: Fly out, F8 (Flyball, 89D, EV 74.4 MPH)
Pinch Hitting: SHB Peer van Lochem 0-0: Ground out 4-3 (Groundball, 4M, EV 100.0 MPH)
Top of the 9th over - 0 runs, 0 hits, 0 errors, 0 left on base; Brooklyn 1 - Seattle 8
Wednesday, July 8th, 2020 - OOTP Baseball 20.8 Build 74